 Dungeon Crawl Stone Soup version 0.23.2-1-ga50397a6bc (webtiles) character file.

Game seed: 15472852866891521875

291 Marnok the Skirmisher (level 6, -2/48 HPs)
             Began as a Demonspawn Abyssal Knight on Apr 21, 2019.
             Was a Believer of Lugonu.
             Succumbed to a water moccasin's poison
             ... on level 3 of the Dungeon.
             The game lasted 00:05:56 (1872 turns).

Marnok the Skirmisher (Demonspawn Abyssal Knight)   Turns: 1872, Time: 00:05:57

Health: -2/48      AC:  4    Str: 13    XL:     6   Next: 10%
Magic:  2/2        EV: 13    Int: 14    God:    Lugonu [**....]
Gold:   65         SH: 14    Dex: 20    Spells: 5/5 levels left

rFire    . . .     SeeInvis .   i - +0 spear (antimagic)
rCold    . . .     Gourm    .   f - +2 large shield
rNeg     . . .     Faith    .   k - +1 robe {MR+}
rPois    .         Spirit   .   (helmet restricted)
rElec    .         Reflect  .   d - +0 cloak
rCorr    .         Harm     .   (no gloves)
MR       +....                  (no boots)
Stlth    +++.......             (no amulet)
HPRegen  0.16/turn              r - ring of wizardry
MPRegen  0.08/turn              (no ring)

@: agile, lethally poisoned (-2 -> -29), flying, very slightly contaminated,
invisible
A: horns 1, thin skeletal structure 1, powered by death 2
a: Depart the Abyss, Bend Space, Renounce Religion


You were on level 3 of the Dungeon.
You worshipped Lugonu.
Lugonu was pleased with you.
You were hungry.

You visited 1 branch of the dungeon, and saw 3 of its levels.
You visited the Abyss 1 time.

You collected 65 gold pieces.

Inventory:

Hand Weapons
 a - a +1 spear
 i - a +0 antimagic spear (weapon)
 s - a +0 antimagic short sword
Armour
 b - a +0 leather armour
 d - a +0 cloak (worn)
 f - a +2 large shield (worn)
 k - a +1 robe of magic resistance (worn)
Jewellery
 r - a ring of wizardry (left hand)
Scrolls
 e - 2 scrolls of identify
 h - a scroll of random uselessness {unknown}
 p - 2 scrolls of teleportation
 u - a scroll of remove curse {unknown}
Potions
 g - 2 potions of might
 j - a potion of flight
 l - a potion of invisibility
 m - 2 potions of agility
 o - a potion of resistance {unknown}
 t - a potion of curing {unknown}
Comestibles
 c - 6 rations
 q - 5 chunks of flesh


   Skills:
 + Level 4.1 Fighting
 + Level 3.6 Polearms
 + Level 2.5 Armour
 + Level 1.8 Dodging
 + Level 0.6 Stealth
 + Level 1.7 Shields
 + Level 3.2 Invocations


You had 5 spell levels left.
You didn't know any spells.
Your spell library was empty.

Dungeon Overview and Level Annotations

Branches:
Dungeon (3/15)

Altars:
Cheibriados
Fedhas
Trog


Innate Abilities, Weirdness & Mutations

You have a pair of small horns on your head.
You have a somewhat thin skeletal structure. (Dex +2, Stealth)
You regenerate health from kills.


Message History

You are lethally poisoned!
The water moccasin poisons you! The water moccasin bites you.
You are more poisoned.
The water moccasin poisons you!
It was a potion of flight.
You feel very buoyant.
You fly up into the air.
You feel sick. The water moccasin bites you.
It was a potion of invisibility.
You fade into invisibility!
* * * LOW HITPOINT WARNING * * *
You feel very sick.
You block the water moccasin's attack. x2
You are very lightly contaminated with residual magic.
It was a potion of agility.
You feel agile all of a sudden.
* * * LOW HITPOINT WARNING * * *
You feel sick. The water moccasin bites you!
* * * LOW HITPOINT WARNING * * *
It was a potion of magic.
Magic courses through your body.
You die...

..#
#.##
####
#..#
...#
##.#
##.#
#.#
##.#
#.#
##.#
#.#
##.#
#>#
#.#
#.#
#.#
#@#
#.#
#S#
#.#
#.#
...
#.#
###


You could see a water moccasin.

Vanquished Creatures
  2 eyes of draining (D:3)
  5 adders
  An ooze (D:2)
  2 dart slugs
  4 leopard geckos
  4 orcs (D:3)
  3 giant cockroaches
  5 goblins
  8 hobgoblins
  4 jackals (D:1)
  7 kobolds
  A quokka (D:3)
  2 ball pythons (D:3)
  7 bats
  5 frilled lizards
  6 rats
66 creatures vanquished.

Notes
Turn   | Place    | Note
-------+----------+-------------------------------------------
     0 | Abyss:1  | Marnok the Demonspawn Abyssal Knight began the quest for
                  | the Orb.
     0 | Abyss:1  | Reached XP level 1. HP: 18/18 MP: 2/2
    15 | Abyss:1  | Noticed a deep elf mage
    21 | D:1      | Escaped the Abyss
   274 | D:1      | Reached * piety under Lugonu
   294 | D:1      | Gained mutation: You regenerate a little health from kills.
                  | [demonic ancestry]
   294 | D:1      | Reached XP level 2. HP: 18/24 MP: 4/4
   651 | D:1      | Gained mutation: You regenerate health from kills. [demonic
                  | ancestry]
   651 | D:1      | Reached XP level 3. HP: 18/29 MP: 5/5
  1077 | D:2      | Gained mutation: You have a pair of small horns on your
                  | head. [demonic ancestry]
  1077 | D:2      | Reached XP level 4. HP: 32/37 MP: 6/6
  1112 | D:2      | Reached skill level 1 in Dodging
  1399 | D:2      | Reached ** piety under Lugonu
  1413 | D:2      | Found a blossoming altar of Fedhas.
  1634 | D:3      | Found a bloodstained altar of Trog.
  1634 | D:3      | Noticed an eye of draining
  1634 | D:3      | Noticed an eye of draining
  1657 | D:3      | Killed an eye of draining
  1657 | D:3      | Reached skill level 4 in Fighting
  1657 | D:3      | Reached skill level 1 in Shields
  1657 | D:3      | Gained mutation: You have a somewhat thin skeletal
                  | structure. (Dex +2, Stealth) [demonic ancestry]
  1657 | D:3      | Reached XP level 5. HP: 42/42 MP: 0/7
  1659 | D:3      | Killed an eye of draining
  1659 | D:3      | Reached XP level 6. HP: 48/48 MP: 0/8
  1767 | D:3      | Found a snail-covered altar of Cheibriados.
  1855 | D:3      | Noticed a water moccasin
  1871 | D:3      | HP: 1/48 [water moccasin (10)]
  1872 | D:3      | Succumbed to a water moccasin's poison

Skill      XL: |  1  2  3  4 |
---------------+-------------+-----
Invocations    | 3 |  3.2
Armour         | 2 |  2.5
Polearms       | 2 3 |  3.6
Dodging        | 1 |  1.8
Fighting       | 4 |  4.1
Shields        | 1 |  1.7
Stealth        | |  0.6

Action                   |  1- 3 |  4- 6 || total
-------------------------+-------+-------++-------
Melee: Spear             |   130 |   110 ||   240
       Headbutt          |       |    20 ||    20
Invok: Depart the Abyss  |     1 |       ||     1
  Use: Scroll            |       |     3 ||     3
       Potion            |       |     5 ||     5
 Stab: Sleeping          |       |     1 ||     1
  Eat: Chunk             |     1 |     2 ||     3
Armor: Leather armour    |    33 |     7 ||    40
       Robe              |       |    12 ||    12
Dodge: Dodged            |    30 |    19 ||    49
Block: Large shield      |    72 |    61 ||   133
